 Dungeon Crawl Stone Soup version 0.31-a0-931-g7b59d4eb97 (webtiles) character file.

Game seed: 11492286816228839966

18 Persephone the Ruffian (level 2, 0/23 HPs)
             Began as a Gnoll Shapeshifter on Oct 19, 2023.
             Slain by a bat (1 damage)
             ... on level 1 of the Dungeon.
             The game lasted 00:01:33 (939 turns).

Persephone the Ruffian (Gnoll Shapeshifter)          Turns: 939, Time: 00:01:33

Health: 0/23       AC:  2    Str: 13    XL:     2   Next: 70%
Magic:  2/2        EV: 13    Int:  9    God:
Gold:   66         SH:  0    Dex: 11    Spells: 2/2 levels left

rFire   . .          .
                       - Unarmed
rCold   . . .        (no shield)
rNeg    . . .        a - +0 animal skin
rPois   .            (helmet currently unavailable)
rElec   .            (cloak currently unavailable)
rCorr   +            (gloves currently unavailable)
SInv    .            (boots currently unavailable)
Will    .....        (no amulet)
Stlth   +            g - ring of resist corrosion
HPRegen 0.23/turn    (no ring)
MPRegen 0.08/turn

%: no passive effects
@: beast-form
A: beast (slay +3), fangs 1, strong nose, distributed training
a: Begin Untransformation


You were on level 1 of the Dungeon.
You were a hulking beast.
You visited 1 branch of the dungeon, and saw 1 of its levels.

You collected 66 gold pieces.

Inventory:

Armour
 a - a +0 animal skin (worn)
Jewellery
 g - a ring of resist corrosion (left hand)
Talismans
 c - a beast talisman (active)
 d - a flux talisman
Scrolls
 e - a scroll of enchant armour {unknown}
Potions
 b - a potion of lignification
 f - a potion of curing {unknown}


   Skills:
 + Level 2.5 Fighting
 + Level 0.5 Short Blades
 + Level 0.5 Long Blades
 + Level 0.5 Axes
 + Level 0.5 Maces & Flails
 + Level 0.5 Polearms
 + Level 0.5 Staves
 + Level 0.5 Ranged Weapons
 + Level 0.5 Throwing
 + Level 0.5 Armour
 + Level 4.5 Dodging
 + Level 0.5 Stealth
 + Level 0.5 Shields
 + Level 6.5 Unarmed Combat
 + Level 0.5 Spellcasting
 + Level 0.3 Conjurations
 + Level 0.3 Hexes
 + Level 0.3 Summonings
 + Level 0.3 Necromancy
 + Level 0.3 Translocations
 + Level 0.3 Transmutations
 + Level 0.3 Fire Magic
 + Level 0.3 Ice Magic
 + Level 0.3 Air Magic
 + Level 0.3 Earth Magic
 + Level 0.3 Poison Magic
 + Level 0.6 Invocations
 + Level 0.5 Evocations
 + Level 6.4 Shapeshifting


You had 2 spell levels left.
You didn't know any spells.
Your spell library contained the following spells:

 Spells                   Type           Power      Damage    Failure   Level
 Shock                    Conj/Air       0%         1d3       34%         1
 Swiftness                Air            0%         N/A       71%         3
 Airstrike                Air            0%         2d(0-16)  98%         4


Dungeon Overview and Level Annotations

Branches:
Dungeon (1/15)

Altars:


Innate Abilities, Weirdness & Mutations

You are a hulking beast.
Your limbs bulge with bestial killing power. (Slay +3)
You have very sharp teeth.
Your uncanny sense of smell can sniff out nearby items.
Your experience applies equally to all skills.


Message History

The bat closely misses you. The bat hits you but does no damage.
The rat closely misses you. The bat hits you but does no damage.
The bat hits you but does no damage. The rat bites you.
The bat closely misses you. The bat hits you. The rat misses you.
The bat barely misses you. The bat closely misses you.
The rat completely misses you. The bat closely misses you.
The bat closely misses you. The rat barely misses you.
The bat closely misses you. The bat hits you but does no damage.
The bat barely misses you. The rat misses you.
The bat hits you but does no damage. The bat closely misses you.
The rat misses you. The bat hits you. The rat bites you. The bat misses you.
The bat hits you but does no damage. The rat closely misses you.
The bat closely misses you. The bat misses you. The rat barely misses you.
The bat barely misses you. The bat misses you. The rat bites you.
* * * LOW HITPOINT WARNING * * *
The bat misses you. The bat hits you.
* * * LOW HITPOINT WARNING * * *
The rat barely misses you. The bat barely misses you. The bat hits you.
* * * LOW HITPOINT WARNING * * *
The rat barely misses you. The bat hits you but does no damage.
The bat hits you.
* * * LOW HITPOINT WARNING * * *
The rat misses you. The bat closely misses you.
The bat hits you but does no damage. The rat barely misses you.
The bat hits you but does no damage. The bat misses you. The rat bites you.
* * * LOW HITPOINT WARNING * * *
The bat barely misses you. The bat completely misses you.
The rat barely misses you. The bat closely misses you.
The bat hits you but does no damage. The rat misses you.
The bat closely misses you. The bat closely misses you. The rat bites you.
* * * LOW HITPOINT WARNING * * *
The bat misses you. The bat closely misses you. The rat closely misses you.
The bat hits you.
You die...

..............##.#
##.#.###########.#
...#.# #.# ####.#
#.# .....# #.#
###### #.# #.# #.#
#h# #br......
#########


You could see a bat and a rat.

Vanquished Creatures
  2 endoplasms (D:1)
  A giant cockroach (D:1)
  A goblin (D:1)
  3 hobgoblins (D:1)
  2 kobolds (D:1)
  3 ball pythons (D:1)
  2 frilled lizards (D:1)
  3 rats (D:1)
17 creatures vanquished.

Notes
Turn   | Place    | Note
-------+----------+-------------------------------------------
     0 | D:1      | Persephone the Gnoll Shapeshifter began the quest for the
                  | Orb.
     0 | D:1      | Reached XP level 1. HP: 17/17 MP: 1/1
   168 | D:1      | Found a faded altar of an unknown god.
   406 | D:1      | Reached XP level 2. HP: 21/23 MP: 2/2
   935 | D:1      | HP: 1/23 [rat (1)]
   939 | D:1      | Slain by a bat

Illustrated notes

Levels and vault maps discovered:
D:1:      lemuel_arrival_cross, layout_basic,
          shapermc_ecumenical_altar_totnotflames, minmay_misc_feat_doors

Action                     || total
---------------------------++-------
  Melee: Unarmed           ||    32
         Bite              ||     4
 Armour: Animal skin       ||    61
  Dodge: Dodged            ||    80

Table legend: (Time is in decaauts)
 A = Elapsed time spent in this place.
 B = Non-inter-level travel time spent in this place.
 C = Inter-level travel time spent in this place.
 D = Time resting spent in this place.
 E = Time spent auto-exploring this place.
 F = Levels seen in this place.
 G = Mean time per level.
                   A        B        C        D        E       F      G
               +--------+--------+--------+--------+--------+-----+--------+
         Total |    934 |    931 |      3 |      0 |    792 |   1 |  934.0 |
       Dungeon |    934 |    931 |      3 |      0 |    792 |   1 |  934.0 |
               +--------+--------+--------+--------+--------+-----+--------+

Top non-repeatable levels by time:
     D:1: 934 daAuts
